 Dungeon Crawl Stone Soup version 0.28.0-43-g3370ac3207 (webtiles) character file.

Game seed: 8283045875990368937

47900 pkoi the Severer (level 14, -1/124 HPs)
             Began as a Minotaur Gladiator on Mar 18, 2022.
             Was an Initiate of Gozag.
             Slain by a komodo dragon (18 damage)
             ... on level 6 of the Lair of Beasts.
             The game lasted 00:21:14 (20796 turns).

pkoi the Severer (Minotaur Gladiator)              Turns: 20796, Time: 00:21:15

Health: -1/124     AC: 35    Str: 23    XL:     14   Next: 10%
Magic:  13/13      EV: 10    Int:  5    God:    Gozag
Gold:   1887       SH:  0    Dex: 13    Spells: 13/13 levels left

rFire   . . .      SeeInvis .   j - +0 battleaxe (venom)
rCold   . . .      Faith    .   (shield currently unavailable)
rNeg    . . .      Spirit   .   o - +10 plate armour of Love and Death {Rampage Drain Slay+3}
rPois   +          Reflect  .   c - +1 hat
rElec   .          Harm     .   p - +2 cloak {Will+}
rCorr   .          Rampage  +   (no gloves)
Will    ++...                   v - +0 pair of boots
Stlth   ..........              y - amulet of magic regeneration
HPRegen 0.30/turn               z - ring of poison resistance
MPRegen 0.53/turn               u - +4 ring of protection

@: no status effects
A: horns 2, retaliatory headbutt
a: Renounce Religion, Potion Petition, Call Merchant, Bribe Branch


You were on level 6 of the Lair of Beasts.
You worshipped Gozag.
Gozag was most pleased with you.
You visited 3 branches of the dungeon, and saw 17 of its levels.
You also visited: Sewer.

You collected 4581 gold pieces.
You spent 816 gold pieces at shops.
You paid 1878 gold pieces to Gozag.

Inventory:

Hand Weapons
 a - a +0 war axe
 j - a +0 battleaxe of venom (weapon)
Missiles
 d - 3 throwing nets (quivered)
 h - 58 poisoned darts
Armour
 c - a +1 hat (worn)
 o - the +10 plate armour of Love and Death (worn) {Rampage Drain Slay+3}
   (You bought it in a shop on level 2 of the Dungeon)

   Slay:      It affects your accuracy & damage with ranged weapons and melee
   (+3).
   Drain:     It drains your maximum health when unequipped.
   Rampage:   It bestows one free step when moving towards enemies.
 p - a +2 cloak of willpower (worn)
 v - a +0 pair of boots (worn)
Jewellery
 n - a ring of ice
 u - a +4 ring of protection (right hand)
 y - an amulet of magic regeneration (around neck)
 z - a ring of poison resistance (left hand)
 D - a ring of wizardry
 J - a ring of ice
Wands
 b - a wand of iceblast (21)
 g - a wand of acid (10)
 q - a wand of paralysis (7)
Scrolls
 e - 2 scrolls of teleportation
 m - 4 scrolls of fear
 s - 3 scrolls of blinking
 w - 2 scrolls of fog
 A - a scroll of brand weapon
 B - 2 scrolls of amnesia
 E - 2 scrolls of enchant armour
 F - a scroll of identify
 G - a scroll of summoning
Potions
 f - 6 potions of heal wounds
 i - 2 potions of cancellation
 k - 6 potions of curing
 l - 4 potions of haste
 r - a potion of invisibility
 t - 3 potions of magic
 x - a potion of brilliance
 C - 3 potions of lignification
 H - 2 potions of flight
 I - a potion of might
 K - a potion of ambrosia
Miscellaneous
 L - a phantom mirror


   Skills:
 + Level 11.3 Fighting
 + Level 18.2 Axes
 - Level 2.0 Throwing
 + Level 11.4 Armour
 + Level 8.9 Dodging
 * Level 11.6 Evocations


You had 13 spell levels left.
You didn't know any spells.
Your spell library contained the following spells:

 Spells                   Type           Power      Damage    Failure   Level
 Magic Dart               Conj           0%         1d3       99%         1
 Sandblast                Erth           0%         2d4       99%         1
 Sting                    Tmut/Pois      0%         1d3       99%         1
 Call Imp                 Summ           0%         N/A       100%        2
 Passwall                 Tmut/Erth      0%         N/A       100%        2
 Poisonous Vapours        Pois/Air       0%         N/A       100%        2
 Conjure Flame            Conj/Fire      0%         6-21      100%        3
 Ignite Poison            Fire/Tmut/Pois 0%         N/A       100%        3
 Mephitic Cloud           Conj/Pois/Air  0%         N/A       100%        3
 Ozocubu's Armour         Ice            0%         N/A       100%        3
 Stone Arrow              Conj/Erth      0%         3d7       100%        3
 Hailstorm                Conj/Ice       0%         3d3       100%        4
 Ice Form                 Ice/Tmut       0%         N/A       100%        4
 Olgreb's Toxic Radiance  Pois           0%         N/A       100%        4
 Sticky Flame             Conj/Fire      0%         2d3       100%        4
 Freezing Cloud           Conj/Ice/Air   0%         6-21      100%        5
 Simulacrum               Ice/Necr       0%         N/A       100%        6
 Ozocubu's Refrigeration  Ice            0%         4d5       100%        7


Dungeon Overview and Level Annotations

Branches:
Dungeon (10/15)            Temple (1/1) D:6            Lair (5/6) D:8
  Swamp (0/4) Lair:3       Spider (0/4) Lair:2          Orc (0/2) D:9
  Sewer (visited)
  Slime: Lair:5-6

Altars:
Ashenzari
Cheibriados
Dithmenos
Elyvilon
Fedhas
Gozag
Hepliaklqana
Kikubaaqudgha
Makhleb
Nemelex Xobeh
Okawaru
Qazlal
Ru
Sif Muna
Trog
Uskayaw
Vehumet
Wu Jian
Xom
Yredelemnul
Zin
The Shining One

Shops:
D:2 [   D:3 [   D:7 *   D:8 [   D:9 *[   Lair:4 *


Innate Abilities, Weirdness & Mutations

You have a pair of horns on your head.
You reflexively headbutt those who attack you in melee.


Message History

The blink frog blinks!
Unknown command.
You barely miss the komodo dragon.
The komodo dragon is no longer distracted by gold.
The komodo dragon hisses angrily.
The komodo dragon is heavily wounded.
The komodo dragon is distracted by your dazzling golden aura.
Unknown command.
The komodo dragon hisses angrily.
You hit the komodo dragon.
The komodo dragon is no longer distracted by gold.
The komodo dragon is severely wounded.
The komodo dragon bites you.
* * * LOW HITPOINT WARNING * * *
Unknown command.
You open the blink frog like a pillowcase!!!
You kill the blink frog!
You slash the komodo dragon!
You kill the komodo dragon!
Unknown command.
You now have 1887 gold pieces (gained 9).
You start resting.
A komodo dragon comes into view.
A komodo dragon is nearby!
A komodo dragon is nearby!
A komodo dragon is nearby!
The komodo dragon hisses angrily.
You start resting.
A komodo dragon is nearby!
A komodo dragon is nearby!
A komodo dragon is nearby!
A komodo dragon is nearby!
You barely miss the komodo dragon. The komodo dragon bites you!!
* * * LOW HITPOINT WARNING * * *
You slice the komodo dragon!!
The komodo dragon looks as sick as possible!
The komodo dragon is heavily wounded.
The komodo dragon bites you!!
You die...
Your body crumbles into a pile of gold.

#### ##
###P.#######.#
###..PP........#.
#@l.....$........
###.....$$$......
#..$.$.........
##...$.........
#.....$$.....[
##....$.......
#...$$$.......
##...$....#...
#P.......####


You could see a komodo dragon (extremely poisoned).

Vanquished Creatures
  Kirke (Lair:5)
  A boulder beetle (Lair:6)
  2 hydras (Lair:2)
  A catoblepas (Lair:4)
  6 death yaks (Lair:4)
  A two-headed ogre (D:9)
  The ghost of Zeor the Thaumaturge, a novice FeCj of Vehumet (Lair:2)
  A harpy (Lair:6)
  A manticore (Lair:6)
  Maurice (D:8)
  3 molten gargoyles
  4 black mambas
  12 elephants
  Joseph (D:8)
  10 cane toads
  Maggie (D:8)
  An unseen horror (D:10)
  9 komodo dragons
  2 kobold demonologists
  A rime drake (Lair:6)
  2 polar bears
  A troll (D:10)
  2 wind drakes (Lair:6)
  2 hornets (Lair:6)
  2 tyrant leeches (Lair:5)
  18 blink frogs
  6 dream sheep (Lair:5)
  4 jumping spiders
  5 wyverns
  2 shadows (D:9)
  43 yaks
  2 culicivoras
  5 basilisks
  5 hogs (Lair:5)
  A redback (Lair:1)
  6 vampire mosquitoes (Lair:3)
  2 swamp worms (Lair:5)
  17 water moccasins
  2 orc warriors
  A black bear (Lair:1)
  An ice beast (D:7)
  A necrophage (D:7)
  3 ogres
  6 centaurs
  28 wolves
  A phantom (D:9)
  7 kobold brigands
  14 bullfrogs
  A wyvern zombie (D:6)
  2 scorpions
  2 troll zombies (D:9)
  A water moccasin skeleton (D:5)
  4 killer bees
  9 wights
  An electric eel (Lair:5)
  5 lava snakes (Lair:3)
  A bullfrog zombie (D:6)
  A centaur zombie (D:9)
  10 orc priests
  3 hounds
  6 iguanas
  A scorpion zombie (D:5)
  5 orc wizards
  2 killer bee zombies (D:7)
  4 ogre zombies (D:9)
  7 gnolls
  9 adders
  6 river rats
  2 shadow imps (D:6)
  3 white imps
  An adder skeleton (D:3)
  A worm (D:2)
  4 dart slugs
  The ghost of ChongLi the Sneak, a weakling FeDe (D:4)
  28 orcs
  7 bats
  4 endoplasms (D:1)
  3 giant cockroaches
  5 goblins
  4 hobgoblins
  5 jackals
  7 quokkas
  16 ball pythons
  9 frilled lizards
  A goblin skeleton (D:9)
  A goblin zombie (D:9)
  A hobgoblin skeleton (D:9)
  4 hobgoblin zombies (D:9)
  14 kobolds
  An orc skeleton (D:9)
  11 orc zombies (D:9)
  18 rats
  A fire vortex (Lair:5)
481 creatures vanquished.

Vanquished Creatures (collateral kills)
  4 killer bees (D:9)
4 creatures vanquished.

Vanquished Creatures (others)
  A kobold (D:4)
  A butterfly (Lair:5)
  22 fungi
  75 plants
99 creatures vanquished.

Grand Total: 584 creatures vanquished

Notes
Turn   | Place    | Note
-------+----------+-------------------------------------------
     0 | D:1      | pkoi the Minotaur Gladiator began the quest for the Orb.
     0 | D:1      | Reached XP level 1. HP: 18/18 MP: 0/0
   110 | D:1      | Reached skill level 4 in Axes
   227 | D:1      | Reached XP level 2. HP: 25/25 MP: 1/1
   449 | D:1      | Found a faded altar of an unknown god.
   560 | D:1      | Reached XP level 3. HP: 31/31 MP: 2/2
   999 | D:2      | Found an opulent altar of Gozag.
  1089 | D:2      | Became a worshipper of Gozag Ym Sagoz the Greedy
  1175 | D:2      | Found Unuij's Antique Armour Shoppe.
  1197 | D:2      | Reached skill level 5 in Axes
  1204 | D:2      | Reached XP level 4. HP: 6/39 MP: 3/3
  2551 | D:3      | Found a snail-covered altar of Cheibriados.
  2571 | D:3      | Reached skill level 6 in Axes
  2571 | D:3      | Reached XP level 5. HP: 44/46 MP: 4/4
  2680 | D:3      | Found Uhezysip's Antique Armour Shop.
  3185 | D:3      | Identified the -6 tower shield of the Hills {Harm +Blink
                  | rPois}
  3946 | D:4      | Reached skill level 7 in Axes
  3946 | D:4      | Reached XP level 6. HP: 30/55 MP: 5/5
  4237 | D:4      | Found a runed translucent door.
  4319 | D:4      | Reached skill level 5 in Fighting
  4504 | D:2      | Bought a slimy plate armour for 504 gold pieces
  4504 | D:2      | Identified the +10 plate armour of Love and Death {Rampage
                  | Drain Slay+3} (You bought it in a shop on level 2 of the
                  | Dungeon)
  4596 | D:4      | Noticed ChongLi's ghost (weakling FeDe)
  4899 | D:4      | Killed ChongLi's ghost
  4935 | D:5      | Entered Level 5 of the Dungeon
  4973 | D:5      | Reached skill level 1 in Armour
  5374 | D:5      | Reached skill level 8 in Axes
  5374 | D:5      | Reached XP level 7. HP: 34/61 MP: 6/6
  5401 | D:5      | Found a glowing drain.
  5406 | Sewer    | Entered a sewer
  5432 | Sewer    | Reached skill level 9 in Axes
  6772 | D:5      | Reached XP level 8. HP: 64/68 MP: 7/7
  6896 | D:5      | Reached skill level 10 in Axes
  7484 | D:6      | Reached skill level 5 in Armour
  7695 | D:6      | Reached skill level 11 in Axes
  8294 | D:6      | Found a staircase to the Ecumenical Temple.
  8303 | Temple   | Entered the Ecumenical Temple
  8690 | D:7      | Reached skill level 12 in Axes
  8690 | D:7      | Reached XP level 9. HP: 67/74 MP: 8/8
  9122 | D:7      | Reached skill level 1 in Evocations
  9570 | D:7      | Found Xidid's Overcharged Wands.
 10227 | D:8      | Found a radiant altar of Vehumet.
 10228 | D:8      | Found a white marble altar of Elyvilon.
 10230 | D:8      | Found a sparkling altar of Nemelex Xobeh.
 10328 | D:8      | Found Wymyczek's Antique Armour Boutique.
 10337 | D:8      | Bought an embroidered scarf for 192 gold pieces
 10358 | D:8      | Noticed Joseph
 10366 | D:8      | Killed Joseph
 10510 | D:8      | Noticed Maurice
 10519 | D:8      | Killed Maurice
 10575 | D:8      | Noticed Maggie
 10586 | D:8      | Killed Maggie
 10641 | D:8      | Found a broken altar of Ashenzari.
 10642 | D:8      | Found a burning altar of Makhleb.
 10643 | D:8      | Found a shadowy altar of Dithmenos.
 10644 | D:8      | Found an iron altar of Okawaru.
 10739 | D:8      | Found a staircase to the Lair.
 10753 | D:9      | Noticed a two-headed ogre
 10758 | D:9      | Killed a two-headed ogre
 10759 | D:9      | Reached skill level 5 in Dodging
 10759 | D:9      | Reached XP level 10. HP: 84/84 MP: 9/9
 10788 | D:9      | Found Nofuex's Antique Armour Shop.
 10869 | D:9      | Found a staircase to the Orcish Mines.
 10984 | D:9      | Reached skill level 5 in Evocations
 11131 | D:9      | Reached skill level 13 in Axes
 11730 | D:9      | Found an ornate altar of the Wu Jian Council.
 11733 | D:9      | Found a bloodstained altar of Trog.
 11737 | D:9      | Found a blossoming altar of Fedhas.
 12034 | D:10     | Entered Level 10 of the Dungeon
 12077 | D:10     | Found a sacrificial altar of Ru.
 12128 | D:10     | Reached XP level 11. HP: 94/94 MP: 10/10
 12376 | D:10     | Reached skill level 14 in Axes
 12809 | Lair:1   | Entered Level 1 of the Lair of Beasts
 13394 | Lair:1   | Reached skill level 15 in Axes
 13999 | Lair:2   | Noticed a four-headed hydra
 14009 | Lair:2   | Killed an eight-headed hydra
 14384 | Lair:1   | Reached skill level 16 in Axes
 14536 | Lair:1   | Reached XP level 12. HP: 58/104 MP: 11/11
 15543 | Lair:2   | Reached skill level 17 in Axes
 15650 | Lair:2   | Found a runed translucent door.
 15650 | Lair:2   | Noticed Zeor's ghost (novice FeCj)
 15829 | Lair:2   | Noticed a seven-headed hydra
 15834 | Lair:2   | Killed an eight-headed hydra
 15968 | Lair:2   | Found a hole to the Spider Nest.
 16263 | Lair:2   | Killed Zeor's ghost
 17215 | Lair:3   | Found a staircase to the Swamp.
 17855 | Lair:3   | Reached XP level 13. HP: 113/113 MP: 12/12
 17948 | Lair:4   | Reached skill level 10 in Fighting
 17950 | Lair:4   | Reached skill level 10 in Armour
 17965 | Lair:4   | Reached skill level 10 in Evocations
 18164 | Lair:4   | Bought a wand of iceblast (5) for 120 gold pieces
 19811 | Lair:5   | Noticed Kirke
 19829 | Lair:5   | Killed Kirke
 19887 | Lair:5   | Reached skill level 18 in Axes
 20594 | Lair:5   | You fall into a shaft and drop 1 floor!
 20594 | Lair:6   | Entered Level 6 of the Lair of Beasts
 20715 | Lair:6   | Reached XP level 14. HP: 82/124 MP: 13/13
 20796 | Lair:6   | Slain by a komodo dragon

Illustrated notes

Levels and vault maps discovered:
D:1:      nicolae_arrival_washed_ashore, layout_loops_corners,
          ebering_ecumenical_altar_sacrificial, amcnicky_mini_pool_small,
          minmay_misc_feat_diagonals
D:2:      minmay_wonky_spiral, layout_loops_corners, serial_shops, shop,
          basic_altar, minivault_14, hangedman_decor_growths,
          grunt_ministairs_10
D:3:      layout_loops_cross, kennysheep_slug_shrine, serial_shops, shop,
          st_stairs_14
D:4:      layout_cave_pools, ebering_ghost_reflecting_pool, enter_ossuary_2,
          grunt_ministairs_6
D:5:      layout_loops_ring, portal_sewer_entry_c, minmay_tree_intersection,
          minmay_holes
D:6:      layout_basic, minmay_temple_entry_fiery, kennysheep_generic_room_7
D:7:      layout_rooms, nicolae_shop_overcharged_wands
D:8:      nicolae_cairo_tiling_very_big, layout_rooms,
          mainiacjoe_overflow_alcove_3, minitemple, serial_shops,
          nicolae_diamond_shop, uniq_maurice, uniq_joseph, uniq_maggie
D:9:      layout_roguey, grunt_temple_overflow_diamond, zombieorc1_lemuel,
          serial_shops, shop
D:10:     layout_roguey, kennysheep_mini
Temple:   cyrus_temple_forest
Lair:1:   layout_loops_ring, grunt_megastairs_5
Lair:2:   layout_loops_ring, nicolae_spider_entry_tight_spaces,
          hellmonk_ghost_happy_afterlife
Lair:3:   cheibrodos_magma_flow, layout_cave_shapes, minmay_swamp_entry_swarm,
          serial_bayou_pond_e
Lair:4:   layout_regular_city, infiniplex_staircase_pool, lemuel_fruit_tree
Lair:5:   layout_gridlike, worms_lemuel, grunt_megastairs_2,
          lemuel_fruit_fields, serial_bayou_shore_a, lemuel_fruit_fields,
          uniq_kirke
Lair:6:   gammafunk_lair_ancient_temple, layout_hall_layers,
          nicolae_slime_entry_slimehenge, serial_bayou_shore_b,
          lemuel_fruit_fields, serial_bayou_shore_b

Skill      XL: |  1  2  3  4  5  6  7  8  9 10 11 12 13 |
---------------+----------------------------------------+-----
Axes           | 4 5 6 7 8 9 12 13 16 17 18 | 18.2
Fighting       | 3 4 5 6 8 9 11 | 11.3
Armour         | 2 4 6 8 9 11 | 11.4
Evocations     | 4 6 8 9 11 | 11.6
Dodging        | 5 6 7 8 |  8.9
Throwing       | |  2.0

Action                   |  1- 3 |  4- 6 |  7- 9 | 10-12 | 13-15 || total
-------------------------+-------+-------+-------+-------+-------++-------
Melee: War axe           |    58 |   137 |   315 |   113 |       ||   623
       Headbutt          |    14 |    28 |    62 |   106 |    73 ||   283
       Punch             |       |       |     3 |     1 |       ||     4
       Battleaxe         |       |       |       |   356 |   276 ||   632
Invok: Call Merchant     |       |       |       |     1 |     1 ||     2
       Potion Petition   |       |       |       |       |     1 ||     1
Evoke: Wand              |       |       |     2 |     6 |     2 ||    10
  Use: Scroll            |       |     4 |     7 |     6 |       ||    17
       Potion            |       |       |    10 |     1 |       ||    11
 Stab: Sleeping          |     1 |     1 |       |       |       ||     2
       Distracted        |       |       |     4 |     4 |     6 ||    14
Armor: Leather armour    |    11 |     3 |       |       |       ||    14
       Plate armour      |       |    87 |   233 |   416 |   148 ||   884
Dodge: Dodged            |    44 |    45 |   112 |   240 |   102 ||   543
